 Dungeon Crawl Stone Soup version 0.27-a0-1525-g1038ab4fd7 (webtiles) character file.

Game seed: 18399649223604064950

183168 Sobieck the Eclecticist (level 19, -2/214 HPs)
             Began as a Djinni Fire Elementalist on July 10, 2021.
             Was the Champion of Makhleb.
             Killed from afar by Roxanne (6 damage)
             ... with a bolt of magma
             ... on level 1 of the Elven Halls.
             The game lasted 01:50:13 (32815 turns).

Sobieck the Eclecticist (Djinni Fire Elementalist) Turns: 32815, Time: 01:50:14

Health: -2/214     AC: 16    Str: 17    XL:     19   Next: 6%
Gold:   2000       EV: 10    Int: 32    God:    Makhleb [******] SH:  0 Dex: 13

rFire    + + .     SeeInvis .   (weapon currently unavailable)
rCold    x . .     Faith    .   (shield currently unavailable)
rNeg     . . .     Spirit   .   (armour currently unavailable)
rPois    ∞         Reflect  .   (helmet currently unavailable)
rElec    .         Harm     .   (cloak currently unavailable)
rCorr    .         Rampage  .   (gloves currently unavailable)
Will     ++...                  (boots unavailable)
Stlth    ++++......             F - amulet of the acrobat
HPRegen  0.45/turn              a - ring of willpower
MPRegen  0.00/turn              B - +6 ring of intelligence

@: dragon-form, flying, studying 2 skills
A: dragon claw, dragon scales, breathe fire, flying, boosted hp, sickness
immunity, giant, (fire resistance 2), (cold vulnerability 1), float, innate
caster, hp casting, extra vitality 1, subdued magic 1
a: Breathe Fire, End Transformation, Renounce Religion, Minor Destruction,
Lesser Servant of Makhleb, Major Destruction, Greater Servant of Makhleb


You were on level 1 of the Elven Halls.
You worshipped Makhleb.
Makhleb was exalted by your worship.
You were a fearsome dragon!
You visited 4 branches of the dungeon, and saw 25 of its levels.
You visited the Abyss 1 time.
You also visited: Gauntlet.

You collected 3079 gold pieces.
You spent 1079 gold pieces at shops.


Innate Abilities, Weirdness & Mutations

You are a fearsome dragon!
You have a powerful clawing attack.
Your giant scaled body is strong and resiliant, but less evasive.
You can breathe fire.
You are flying.
Your maximum health is greatly increased.
Your armour is entirely melded.
You are incapable of wielding weapons or throwing items.
You are immune to sickness and miasma.
You are immune to poison.
((Your flesh is very heat resistant. (rF++)))
((You are vulnerable to cold. (rC-)))
You float through the air rather than walking.
You learn spells naturally, not from books.
Your magical power is your life essence.
You have superior vitality. (+4 HP)
Your spells are a little easier to cast, but a little less powerful.


   Skills:
 - Level 15.0 Fighting
 - Level 14.0 Dodging
 - Level 8.0 Stealth
 - Level 4.0 Shields
 + Level 16.8 Spellcasting
 + Level 11.2 Invocations


You couldn't memorise any spells.
You knew the following spells:

 Your Spells              Type           Power      Damage    Failure   Level
a - Foxfire               Conj/Fire      100%       2x1d9     0%          1
b - Conjure Flame         Conj/Fire      80%        6-21      0%          3
c - Inner Flame           Hex/Fire       80%        N/A       0%          3
d - Sticky Flame          Conj/Fire      80%        2d9       0%          4
e - Fireball              Conj/Fire      40%        3d16      1%          5
f - Summon Small Mammal   Summ           100%       N/A       0%          1
g - Ensorcelled Hibernat  Hex/Ice        100%       N/A       0%          2
h - Call Canine Familiar  Summ           80%        N/A       0%          3
i - Dazzling Flash        Conj/Hex       100%       N/A       0%          3
j - Alistair's Intoxicat  Tmut/Pois      53%        N/A       1%          5
k - Summon Forest         Summ/Tloc      40%        N/A       1%          5
l - Starburst             Conj/Fire      40%        8x6d11    1%          6
m - Dragon Form           Tmut           40%        N/A       1%          7
n - Spellforged Servitor  Conj/Summ      40%        N/A       1%          7
Your spell library was empty.

Inventory:

Hand Weapons
 k - the +6 shillelagh "Devastator" {shatter}
   (You found it on level 6 of the Lair of Beasts)
 n - a +0 rapier of flaming {short}
   (You took it off a deep elf zephyrmancer on level 1 of the Elven Halls)
Missiles
 l - 790 stones {throwing}
 p - 84 sling bullets
Armour
 j - a scarf of repulsion (melded)
   (You found it in a Gauntlet)
 q - the +2 pair of gloves of Ruimpess (melded) {rF++ rCorr Str+3}
   (You bought it in a shop on level 2 of the Orcish Mines)

   Str:       It affects your strength (+3).
   rF:        It greatly protects you from fire.
   rCorr:     It protects you from acid and corrosion.
 E - a +4 troll leather armour (melded) {Snorg}
   (You found it on level 5 of the Lair of Beasts)
 G - a +0 hat of intelligence (melded)
   (You bought it in a shop on level 2 of the Orcish Mines)
 N - a +2 buckler (melded)
   (You took it off a deep elf knight on level 1 of the Elven Halls)
Magical Staves
 m - a staff of fire {!astaff}
   (You found it on level 13 of the Dungeon)
 s - a staff of conjuration (melded) {!a@e2staff}
   (You found it on level 1 of the Lair of Beasts)
Jewellery
 a - a ring of willpower (left foreclaw)
   (You found it on level 3 of the Lair of Beasts)
 e - the ring "Girogoog" {Fire rN+}
   (You acquired it on level 4 of the Dungeon)

   [ring of fire]

   It enhances your fire magic.
   rF:        It protects you from fire.
   rC:        It makes you vulnerable to cold.
   rN:        It protects you from negative energy.
 B - a +6 ring of intelligence (right foreclaw)
   (You found it on level 4 of the Dungeon)
 F - an amulet of the acrobat (around neck)
   (You found it on level 9 of the Dungeon)
 I - a ring of protection from cold
   (You found it on level 2 of the Abyss)
 W - a ring of ice
   (You found it on level 7 of the Dungeon)
Wands
 c - a wand of mindburst (34)
   (You took it off an orc on level 8 of the Dungeon)
 O - a wand of digging (17)
   (You found it on level 11 of the Dungeon)
 V - a wand of iceblast (44)
   (You found it on level 7 of the Dungeon)
Scrolls
 d - a scroll of fear
 g - 4 scrolls of teleportation {@r4}
 o - 2 scrolls of summoning
 w - 4 scrolls of identify {@r1}
 H - 2 scrolls of immolation {!r!r}
 M - 5 scrolls of enchant weapon
 P - 2 scrolls of silence {!r}
 R - 4 scrolls of vulnerability {!r!r}
 U - a scroll of magic mapping {!r}
 Y - 2 scrolls of fog
 Z - a scroll of blinking {!r}
Potions
 b - 17 potions of curing {@q1}
 f - 3 potions of lignification {!q}
 h - 5 potions of brilliance
 r - 2 potions of cancellation
 u - 5 potions of haste {@q3}
 z - 2 potions of might
 A - 3 potions of attraction {!q}
 C - 3 potions of mutation {!q}
 S - a potion of resistance
Miscellaneous
 i - a phial of floods
   (You found it on level 13 of the Dungeon)
 t - a box of beasts
   (You found it on level 13 of the Dungeon)
 J - a piece from Xom's chessboard (15/15)
   (You found it on level 5 of the Dungeon)
 T - a phantom mirror
   (You found it on level 2 of the Lair of Beasts)
 X - a tin of tremorstones (2/2) {throwing}
   (You found it in a Gauntlet)

Dungeon Overview and Level Annotations

Branches:
Dungeon (15/15)            Temple (0/1) D:7            Lair (6/6) D:9
 Shoals (0/4) Lair:4        Snake (0/4) Lair:3        Slime (0/5) Lair:5
    Orc (2/2) D:11            Elf (2/3) Orc:2        Vaults (0/5) D:13
 Depths (0/5) D:15        Gauntlet (visited)

Altars:
Ashenzari
Cheibriados
Dithmenos
Elyvilon
Hepliaklqana
Kikubaaqudgha
Makhleb
Nemelex Xobeh
Okawaru
Sif Muna
Trog
Uskayaw
Vehumet
Xom
The Shining One
Beogh
Jiyva

Shops:
D:2 :   Orc:1 ![?*!   Orc:2 !(:[[

Annotations:
D:7 exclusion: downstairs
D:13 exclusion: downstairs
Lair:1 2 transporters
Lair:3 exclusion: oklob plant
Elf:1 Roxanne

..............'..##
.............##...#
#...........#####.#
##'###'###'## #.##########
#......# #.## ##.##...#...##
...###.###..####..#.........##
#.## #............#..........#
#'## #####'####.8.'.........)#
...# #....##.D.#.8........#
...# #.....+...#..........#
...# #.....##'##..........#
...# ##........#....#.....#
...# ##......########....#
...# ##..##.###..###....# #'##
#'....##....##....#
#.##########..##.#......#....#
.................#......#...##


You could see Roxanne.


Message History

You take 4 damage, and now have 114/143 hp.
Unknown command.
You feel a surge of power!
The fireball explodes!
The fireball engulfs Roxanne but does no damage.
Roxanne casts a spell.
The crystal spear is repelled. 😕 HP[-4]
You take 4 damage, and now have 110/143 hp.
Unknown command.
You feel a surge of power!
The fireball explodes!
The fireball engulfs Roxanne.
Roxanne resists.
Roxanne mumbles some strange words.
The crystal spear is repelled.
Your spellforged servitor points at Roxanne and mumbles some strange words.
The fireball explodes!
The fireball engulfs Roxanne.
Roxanne resists. 😮 HP[-3]
You take 3 damage, and now have 107/143 hp.
Unknown command.
You are too injured to fight recklessly!
Unknown command.
You are too injured to fight recklessly!
Unknown command.
There is an open door here. 😕 HP[+1]
Your spellforged servitor points at Roxanne and mumbles some strange words.
The fireball explodes!
The fireball engulfs Roxanne.
Roxanne resists. 😕 HP[+1] 😕 HP[+2]
You regained 2 hp, and now have 111/143 hp.
Really fly into a travel-excluded area?
Your spellforged servitor casts a spell at Roxanne.
The fireball explodes!
The fireball engulfs Roxanne!
Roxanne resists. 😕 HP[+1]
Casting: Fireball (safe; 1% risk of failure)
Confirm with . or Enter, or press ? or * to list all spells.
You turn into a fearsome dragon!
Your staff of conjuration {!a@e2staff} melds into your body.
Your scarf of repulsion melds into your body.
Your +0 hat of intelligence melds into your body.
The +2 pair of gloves of Ruimpess {rF++ rCorr Str+3} melds into your body.
Your +2 buckler melds into your body.
Your +4 troll leather armour {Snorg} melds into your body.
The haze of the repulsion field disappears.
You feel stupid.
Your spellforged servitor casts a spell at Roxanne.
The fireball explodes!
The fireball engulfs Roxanne!
Roxanne resists. 😮 HP[+46]
You now have 214 max hp (+71).
You regained 46 hp, and now have 158/214 hp.
There is an open door here.
Your spellforged servitor points at Roxanne and mumbles some strange words.
The fireball explodes!
The fireball engulfs Roxanne.
Roxanne resists. 😮 HP[+1]
You claw Roxanne! You bite Roxanne, but do no damage.
Roxanne mumbles some strange words.
The iron shot hits you!! 😮 HP[-32]
You take 32 damage, and now have 127/214 hp.
You claw Roxanne! You claw Roxanne! 😮 HP[+1]
You hit Roxanne but do no damage. You bite Roxanne!!
You tail-slap Roxanne, but do no damage. 😮 HP[+1]
You hit Roxanne.
You tail-slap Roxanne, but do no damage.
You bite Roxanne, but do no damage.
Roxanne mutters, "When I said I wanted to live forever... this was not what I had in mind."
You bite Roxanne!! You bite Roxanne, but do no damage.
Roxanne mumbles some strange words.
The bolt of magma hits you!! You partially resist. 😮 HP[-18]
You take 18 damage, and now have 111/214 hp.
You hit Roxanne but do no damage. You hit Roxanne but do no damage.
You tail-slap Roxanne, but do no damage.
Your spellforged servitor disappears in a puff of smoke!
Roxanne casts a spell.
The crystal spear hits you!!
* * * LOW HITPOINT WARNING * * *
😨 HP[-33]
You take 33 damage, and now have 78/214 hp.
You hit Roxanne.
Roxanne casts a spell.
The iron shot hits you!!
* * * LOW HITPOINT WARNING * * *
😱 HP[-31]
You take 31 damage, and now have 47/214 hp.
You bite Roxanne!!
Roxanne mumbles some strange words.
The crystal spear hits you!!!
* * * LOW HITPOINT WARNING * * *
😱 HP[-44]
You take 44 damage, and now have 3/214 hp.
MASSIVE DAMAGE!! (PAUSE)
You hit Roxanne.
Roxanne casts a spell.
The bolt of magma hits you. You partially resist.
You die...

Skill      XL: |  1  2  3  4  5  6  7  8  9 10 11 12 13 14 15 16 17 18 |
---------------+-------------------------------------------------------+-----
Spellcasting   | 3 4 5 7 8 9 10 11 12 13 14 15 16 | 16.8
Shields        | 4 |  4.0
Fighting       | 8 10 12 13 14 15 | 15.0
Dodging        | 7 10 12 13 14 | 14.0
Invocations    | 3 6 8 11 | 11.2
Stealth        | 4 6 8 |  8.0

Action                   |  1- 3 |  4- 6 |  7- 9 | 10-12 | 13-15 | 16-18 | 19-21 || total
-------------------------+-------+-------+-------+-------+-------+-------+-------++-------
Melee: Dagger            |     5 |     1 |     4 |       |       |       |       ||    10
       Hand axe          |       |       |     3 |    31 |     4 |       |       ||    38
       Staff             |       |       |       |       |     1 |     2 |       ||     3
       Unarmed           |       |       |       |       |       |    66 |    12 ||    78
       Bite              |       |       |       |       |       |     8 |     3 ||    11
       Tailslap          |       |       |       |       |       |    11 |     3 ||    14
 Cast: Foxfire           |    59 |   124 |   184 |   290 |    31 |     2 |       ||   690
       Sticky Flame      |       |     2 |     8 |    29 |    20 |     3 |       ||    62
       Call Canine Famil |       |       |     3 |     3 |       |     1 |       ||     7
       Summon Small Mamm |       |       |     4 |       |       |     1 |       ||     5
       Fireball          |       |       |     3 |    65 |   289 |   437 |    17 ||   811
       Conjure Flame     |       |       |     1 |     6 |       |     2 |       ||     9
       Inner Flame       |       |       |     1 |     6 |    31 |     9 |       ||    47
       Dazzling Flash    |       |       |     1 |     2 |     1 |       |       ||     4
       Alistair's Intoxi |       |       |       |     7 |     1 |     3 |       ||    11
       Starburst         |       |       |       |       |     7 |    81 |       ||    88
       Summon Forest     |       |       |       |       |       |    10 |       ||    10
       Dragon Form       |       |       |       |       |       |     9 |     1 ||    10
       Spellforged Servi |       |       |       |       |       |       |     1 ||     1
Invok: Minor Destruction |       |       |       |     1 |       |       |       ||     1
Evoke: Wand              |       |       |       |       |       |     1 |       ||     1
  Use: Scroll            |       |       |    11 |    12 |     6 |     7 |       ||    36
       Potion            |       |       |       |       |       |     3 |       ||     3
 Stab: Distracted        |       |       |       |       |       |     1 |       ||     1
Armor: Robe              |     1 |     4 |    21 |    21 |       |       |       ||    47
       Steam dragon scal |       |       |       |    44 |       |       |       ||    44
       Troll leather arm |       |       |       |     7 |    21 |    27 |       ||    55
       Skin              |       |       |       |       |       |    25 |       ||    25
Dodge: Dodged            |     5 |    11 |    28 |   141 |    74 |   140 |     1 ||   400
       Repelled          |       |       |       |       |       |     4 |     2 ||     6
Block: Buckler           |       |       |     1 |    31 |    21 |    19 |       ||    72

Levels and vault maps discovered:
D:1:      sevenhm_arrival_forest_fort_large_4, layout_loops_ring,
          ebering_ecumenical_altar_rust, minmay_misc_feat_room,
          corexii_leaking_fountain, skrybe_limestone_x
D:2:      layout_loops_ring, serial_shops, nicolae_square_shop,
          minmay_small_reverse_x
D:3:      layout_rooms, nemelex_xobeh_ov_fountains_minmay,
          mainiacjoe_overflow_small_starburst, amcnicky_altar_gilded,
          uniq_natasha, uniq_robin
D:4:      layout_gridville, trog_antimagical, led_sif_book,
          nicolae_elyvilon_peaceful_grove, grunt_ministairs_8, uniq_duvessa,
          uniq_pikel
D:5:      layout_loops_ring, okawaru_altar_gauntlet_db, chei_slow_surprise,
          xom_butterflies, minivault_14, uniq_menkaure, uniq_blork_the_orc
D:6:      layout_basic, kennysheep_generic_room_7, uniq_eustachio
D:7:      layout_basic, minmay_temple_entry_junction_2, uniq_joseph
D:8:      layout_basic, worldfamousw_hep_ancestral_shrine, grunt_ogre_cave,
          kennysheep_generic_room_9, uniq_maurice, uniq_maggie, uniq_harold
D:9:      layout_layer_cave, eat_drink_and_be_merry_uskayaw,
          kennysheep_mini_moat, dpeg_oklobed_lair, minmay_diamond_spiral
D:10:     layout_rooms, grunt_dithmenos_shadows, uniq_erica
D:11:     layout_basic, david_orc_4, st_stairs_12, uniq_erolcha
D:12:     layout_irregular_city, portal_ice_cave_rime
D:13:     minmay_swirls_squares, layout_stronghold, erik_vaults_1
D:14:     layout_basic, kennysheep_donut, uniq_nessos, uniq_jorgrun, uniq_louise
D:15:     gammafunk_depths_entry_grave, layout_long_grid,
          chequers_serial_rivers_large_b, gauntlet_entry_generic,
          eino_small_chamber_without_monster, evilmike_ruin_ashenzari
Lair:1:   gammafunk_worm_tunnel, layout_hall_layers,
          grunt_forest_small_clearings, grunt_megastairs_1
Lair:2:   layout_loops_ring, minmay_lair_oklob_chamber
Lair:3:   minmay_lair_oklob_tunnel, layout_cellular_growth,
          minmay_snake_entry_guardpost_small
Lair:4:   layout_loops_ring, minmay_shoals_entry_beasts, basic_altar
Lair:5:   layout_roguey, dpeg_slime_entry_enclosed_altar,
          kennysheep_abandoned_house, grunt_megastairs_4, lemuel_fruit_tree,
          uniq_snorg, uniq_rupert
Lair:6:   due_jungle_book, layout_regular_city, roderic_batcave,
          infiniplex_staircase_pool_2, grunt_megastairs_2
Orc:1:    layout_diamond_mine, serial_shops, shop_statue, shop,
          nicolae_shop_statue_plus, shop_coins, shop, hangedman_feature_mirror,
          mines_bat_river, uniq_nergalle
Orc:2:    st_orc_mages, layout_caves, serial_shops, nicolae_shop_crystal,
          special_room, nicolae_volcano_entry_hallway, nicolae_orc_lava_tube
Elf:1:    eino_elf_arrival_sip, layout_gridlike, basic_altar,
          hangedman_elf_represent, uniq_roxanne
Elf:2:    layout_onion_city, basic_altar, lemuel_upstairs_altar

Notes
Turn   | Place    | Note
-------+----------+-------------------------------------------
     0 | D:1      | Sobieck the Djinni Fire Elementalist began the quest for
                  | the Orb.
     0 | D:1      | Reached XP level 1. HP: 15/15 MP: 0/0
     0 | D:1      | magus.rc [v1.9.6]
   609 | D:1      | Reached XP level 2. HP: 16/21 MP: 0/0
   702 | D:1      | Found a faded altar of an unknown god.
  1175 | D:1      | Reached skill level 3 in Spellcasting
  1293 | D:2      | Reached XP level 3. HP: 20/25 MP: 0/0
  1293 | D:2      | Learned a level 1 spell: Summon Small Mammal
  1713 | D:2      | Reached XP level 4. HP: 23/31 MP: 0/0
  1876 | D:3      | Noticed Natasha
  2551 | D:2      | Found Iminasil's Book Shop.
  2664 | D:3      | Killed Natasha
  2665 | D:3      | Reached skill level 4 in Spellcasting
  2687 | D:3      | Noticed Natasha
  2791 | D:3      | Killed Natasha
  2792 | D:3      | Reached XP level 5. HP: 31/35 MP: 0/0
  2792 | D:3      | Learned a level 2 spell: Ensorcelled Hibernation
  2897 | D:3      | Noticed Robin
  2906 | D:3      | Killed Robin
  3375 | D:3      | Found a sparkling altar of Nemelex Xobeh.
  3376 | D:3      | Noticed Natasha
  3380 | D:3      | Killed Natasha
  3430 | D:3      | Found a burning altar of Makhleb.
  3443 | D:3      | Became a worshipper of Makhleb the Destroyer
  3526 | D:4      | Reached XP level 6. HP: 25/40 MP: 0/0
  3687 | D:4      | Reached skill level 5 in Spellcasting
  4067 | D:4      | Noticed an ogre
  4073 | D:4      | Killed an ogre
  4161 | D:4      | Noticed Duvessa
  4201 | D:4      | Noticed Dowan
  4207 | D:4      | Killed Dowan
  4216 | D:4      | Killed Duvessa
  4217 | D:4      | Reached XP level 7. HP: 18/45 MP: 0/0
  4217 | D:4      | Learned a level 3 spell: Call Canine Familiar
  4503 | D:4      | Noticed Pikel
  4506 | D:4      | Reached skill level 6 in Spellcasting
  4520 | D:4      | Killed Pikel
  4521 | D:4      | Reached skill level 7 in Spellcasting
  4521 | D:4      | Reached XP level 8. HP: 34/50 MP: 0/0
  4822 | D:5      | Entered Level 5 of the Dungeon
  4949 | D:4      | Got Sif Muna's Disquisition on Flight
  5033 | D:4      | Found a bloodstained altar of Trog.
  5123 | D:4      | Found a white marble altar of Elyvilon.
  5417 | D:4      | Identified a scroll of acquirement
  5417 | D:4      | Acquired the ring "Girogoog" {Fire rN+}
  5444 | D:5      | Noticed Blork the orc
  5460 | D:5      | Killed Blork the orc
  5753 | D:5      | Found an iron altar of Okawaru.
  5809 | D:5      | Noticed Menkaure
  5817 | D:5      | Killed Menkaure
  5818 | D:5      | Reached skill level 8 in Spellcasting
  5968 | D:5      | Reached * piety under Makhleb
  6136 | D:5      | Reached XP level 9. HP: 50/55 MP: 0/0
  6136 | D:5      | Learned a level 3 spell: Dazzling Flash
  6168 | D:5      | Identified the +1 scale mail of the Learner {rElec rCorr
                  | SInv}
  6303 | D:5      | Identified the +12 hand axe of Wealth {vorpal, Int+4}
  6463 | D:5      | Found a snail-covered altar of Cheibriados.
  6704 | D:5      | Found a shimmering altar of Xom.
  7021 | D:6      | Reached skill level 9 in Spellcasting
  7463 | D:6      | Reached skill level 1 in Shields
  7613 | D:6      | Noticed Eustachio
  7659 | D:6      | Killed Eustachio
  7660 | D:6      | Reached skill level 2 in Shields
  8201 | D:7      | Reached skill level 3 in Shields
  8295 | D:7      | Reached skill level 4 in Shields
  8295 | D:7      | Reached XP level 10. HP: 30/60 MP: 0/0
  8297 | D:7      | Reached skill level 10 in Spellcasting
  8297 | D:7      | Reached skill level 1 in Fighting
  8643 | D:7      | Found a staircase to the Ecumenical Temple.
  8657 | D:7      | Reached skill level 2 in Fighting
  8826 | D:7      | Reached skill level 3 in Fighting
  8897 | D:6      | Reached skill level 4 in Fighting
  9110 | D:7      | Reached ** piety under Makhleb
  9111 | D:7      | Reached skill level 5 in Fighting
  9598 | D:7      | Noticed Joseph
  9974 | D:7      | Killed Joseph
  9975 | D:7      | Reached skill level 6 in Fighting
 10940 | D:8      | Reached skill level 7 in Fighting
 11262 | D:8      | Noticed Maggie
 11277 | D:8      | Killed Maggie
 11290 | D:8      | Reached skill level 8 in Fighting
 11324 | D:8      | Identified the +6 whip of Cisag {drain, rF+ Stlth+}
 11324 | D:8      | Noticed Maurice
 11488 | D:8      | Reached XP level 11. HP: 67/81 MP: 0/0
 11488 | D:8      | Learned a level 5 spell: Alistair's Intoxication
 11603 | D:8      | Killed Maurice
 11604 | D:8      | Reached skill level 3 in Dodging
 11918 | D:8      | Found a hazy altar of Hepliaklqana.
 12129 | D:8      | Reached skill level 4 in Dodging
 12512 | D:8      | Noticed Harold
 12545 | D:8      | Killed Harold
 12546 | D:8      | Reached skill level 5 in Dodging
 12998 | D:10     | Entered Level 10 of the Dungeon
 13271 | D:9      | Found a staircase to the Lair.
 13387 | D:9      | Found a hide-covered altar of Uskayaw.
 13547 | D:9      | Noticed a two-headed ogre
 13557 | D:9      | Killed a two-headed ogre
 13558 | D:9      | Reached skill level 6 in Dodging
 13575 | D:9      | Reached *** piety under Makhleb
 14534 | D:9      | Found a glowing golden altar of the Shining One.
 14761 | D:9      | Identified the +3 robe of Vexation {rF+}
 14802 | D:9      | Noticed a two-headed ogre
 14808 | D:9      | Noticed a seven-headed hydra
 14813 | D:9      | Killed a two-headed ogre
 14820 | D:9      | Killed a seven-headed hydra
 14821 | D:9      | Reached skill level 7 in Dodging
 14821 | D:9      | Reached skill level 11 in Spellcasting
 15267 | D:10     | Noticed Erica
 15310 | D:10     | Killed Erica
 15311 | D:10     | Reached XP level 12. HP: 56/86 MP: 0/0
 15476 | D:11     | Noticed Erolcha
 15480 | D:11     | Killed Erolcha
 15481 | D:11     | Reached skill level 8 in Dodging
 16142 | D:10     | Reached skill level 9 in Dodging
 16306 | D:10     | Found a shadowy altar of Dithmenos.
 16446 | D:11     | Noticed a skeletal warrior
 16450 | D:11     | Killed a skeletal warrior
 16763 | D:11     | Identified the +3 dagger "Mud Pie of Death" {vorpal, rElec}
 16931 | D:11     | Noticed a two-headed ogre
 16938 | D:11     | Killed a two-headed ogre
 17000 | D:11     | Noticed a skeletal warrior
 17000 | D:11     | Identified the +9 short sword of the Priest {pain, rN+
                  | rCorr Stlth+}
 17000 | D:11     | Noticed a skeletal warrior
 17004 | D:11     | Killed a skeletal warrior
 17005 | D:11     | Reached skill level 10 in Dodging
 17008 | D:11     | Noticed a skeletal warrior
 17011 | D:11     | Killed a skeletal warrior
 17012 | D:11     | Reached skill level 12 in Spellcasting
 17013 | D:11     | Killed a skeletal warrior
 17198 | D:11     | Found a staircase to the Orcish Mines.
 18078 | D:12     | Reached XP level 13. HP: 42/92 MP: 0/0
 18078 | D:12     | Learned a level 5 spell: Summon Forest
 18230 | D:12     | Reached **** piety under Makhleb
 18464 | D:12     | Reached skill level 13 in Spellcasting
 18492 | D:12     | Upgraded the game from 0.27-a0-1513-g2aaa0cc67b to
                  | 0.27-a0-1525-g1038ab4fd7
 18492 | D:12     | magus.rc [v1.9.6]
 19078 | D:13     | Noticed a boulder beetle
 19187 | Lair:1   | Entered Level 1 of the Lair of Beasts
 19206 | Lair:1   | Noticed an eight-headed hydra
 19211 | Lair:1   | Killed an eight-headed hydra
 19212 | Lair:1   | Reached skill level 9 in Fighting
 19388 | Lair:1   | Found a transporter.
 19390 | Lair:1   | Found the +5 robe of Misfortune {Contam Harm *Corrode Drain
                  | *Slow EV+5}
 19437 | Lair:1   | Noticed a seven-headed hydra
 19442 | Lair:1   | Killed a seven-headed hydra
 19617 | Lair:1   | Found a transporter.
 19955 | Lair:2   | You are sucked into a shaft and drop 2 floors!
 19960 | Lair:3   | Noticed a seven-headed hydra
 19964 | Lair:3   | Killed a seven-headed hydra
 20096 | Lair:4   | Reached skill level 10 in Fighting
 20242 | Lair:4   | Reached XP level 14. HP: 87/103 MP: 0/0
 20262 | Lair:4   | Found a white marble altar of Elyvilon.
 20376 | Lair:4   | Reached ***** piety under Makhleb
 20423 | Lair:4   | Reached skill level 14 in Spellcasting
 20454 | Lair:3   | Reached skill level 11 in Fighting
 20557 | Lair:3   | Found a staircase to the Snake Pit.
 20745 | Lair:2   | Identified the +5 rapier "Ercheoduho" {elec, Int+7}
 21281 | Lair:2   | Got the Compendium of Creation and Conjuration {@e2}
 21589 | Lair:3   | Reached skill level 12 in Fighting
 22181 | Lair:4   | Found a staircase to the Shoals.
 22522 | Lair:5   | Noticed Snorg
 22631 | Lair:5   | Noticed Rupert
 22635 | Lair:5   | Paralysed by Rupert for 3 turns
 22638 | Lair:5   | Killed Rupert
 22639 | Lair:5   | Reached XP level 15. HP: 98/113 MP: 0/0
 22639 | Lair:5   | Learned a level 6 spell: Starburst
 22696 | Lair:6   | Entered Level 6 of the Lair of Beasts
 22720 | Lair:6   | Reached skill level 13 in Fighting
 22748 | Lair:5   | Reached skill level 15 in Spellcasting
 22804 | Lair:5   | Reached skill level 1 in Invocations
 22833 | Lair:5   | Reached skill level 2 in Stealth
 22965 | Lair:6   | Reached ****** piety under Makhleb
 22968 | Lair:6   | Reached skill level 2 in Invocations
 22972 | Lair:6   | Reached skill level 3 in Stealth
 23051 | Lair:5   | Killed Snorg
 23052 | Lair:5   | Reached skill level 3 in Invocations
 23125 | Lair:6   | Found the +6 shillelagh "Devastator" {shatter}
 23528 | Lair:5   | Found a viscous altar of Jiyva.
 23528 | Lair:5   | Found a staircase to the Slime Pits.
 23636 | Lair:6   | Reached skill level 4 in Stealth
 23638 | Lair:6   | Reached XP level 16. HP: 121/121 MP: 0/0
 23717 | Lair:6   | Reached skill level 4 in Invocations
 23778 | Lair:6   | Acquired a manual of Fighting
 24359 | Lair:6   | Reached skill level 11 in Dodging
 24416 | Lair:6   | magus.rc [v1.9.6]
 24788 | Lair:6   | Reached skill level 14 in Fighting
 24791 | Lair:6   | Reached skill level 5 in Stealth
 24791 | Lair:6   | Reached skill level 5 in Invocations
 25093 | Orc:1    | Entered Level 1 of the Orcish Mines
 25174 | Orc:1    | Found Ydiunt's Magic Scroll Shop.
 25182 | Orc:1    | Bought a scroll of blinking for 120 gold pieces
 25348 | Orc:1    | Found Ehoachul's Assorted Antiques.
 25398 | Orc:2    | Entered Level 2 of the Orcish Mines
 25413 | Orc:1    | You are sucked into a shaft and drop 1 floor!
 25444 | Orc:1    | Found Hymovous's Distillery.
 25507 | Orc:1    | Found Aquzo's Armour Shop.
 25560 | Orc:1    | Noticed Nergalle
 25560 | Orc:1    | Found Rimip's Distillery.
 25563 | Orc:1    | Killed Nergalle
 25713 | Orc:2    | Found Essin's Distillery.
 25713 | Orc:2    | Found a staircase to the Elven Halls.
 25815 | Orc:2    | Reached skill level 6 in Invocations
 25952 | Orc:2    | Found a dark tunnel.
 25956 | Orc:2    | Reached skill level 6 in Stealth
 26109 | Orc:2    | Found Ixumuiq's Antique Weapon Emporium.
 26109 | Orc:2    | Found Xeblimpo's Book Emporium.
 26112 | Orc:2    | Found Ogogusoh's Armour Shoppe.
 26112 | Orc:2    | Found Hyerur Kanu's Antique Armour Shoppe.
 26135 | Orc:2    | Bought an embroidered hat for 196 gold pieces
 26147 | Orc:2    | Bought the +2 pair of gloves of Ruimpess {rF++ rCorr Str+3}
                  | for 763 gold pieces
 26272 | Orc:2    | Reached skill level 12 in Dodging
 26272 | Orc:2    | Reached XP level 17. HP: 105/130 MP: 0/0
 26272 | Orc:2    | Learned a level 7 spell: Dragon Form
 26907 | D:13     | Identified the +3 plate armour "Qoevvy Zuale" {Dex+3}
 27039 | D:13     | Identified the +0 ring mail "Merec" {rElec rF+ rC- Int+2}
 27076 | D:13     | Reached skill level 15 in Fighting
 27095 | D:13     | Found a gate to the Vaults.
 27567 | D:13     | Reached skill level 7 in Invocations
 28030 | D:14     | Noticed Jorgrun
 28039 | D:14     | Killed Jorgrun
 28114 | D:14     | Noticed Louise
 28126 | D:14     | Killed Louise
 28127 | D:14     | Reached skill level 7 in Stealth
 28507 | D:15     | Entered Level 15 of the Dungeon
 28617 | D:15     | Found a gate leading to a gauntlet.
 28626 | Gauntlet | Entered a Gauntlet
 28626 | Gauntlet | Found a transporter.
 28631 | Gauntlet | Found a transporter.
 28635 | Gauntlet | Found a transporter.
 28640 | Gauntlet | Found a transporter.
 28646 | Gauntlet | Found a transporter.
 28650 | Gauntlet | Found a transporter.
 28658 | Gauntlet | Found a transporter.
 28662 | Gauntlet | Found a transporter.
 28670 | Gauntlet | Found a transporter.
 28674 | Gauntlet | Found a transporter.
 28682 | Gauntlet | Found a transporter.
 28703 | Gauntlet | Found a transporter.
 28715 | Gauntlet | Found a transporter.
 28727 | Gauntlet | Found a transporter.
 28906 | Gauntlet | Reached skill level 8 in Invocations
 29240 | Gauntlet | Identified the +12 mace of the Candelabrum {flame, Str+2}
 29249 | Gauntlet | Q - quicksilver dragon scales {rare}
 29256 | Gauntlet | You drop quicksilver dragon scales {rare}.
 29275 | Gauntlet | a +4 ring of protection; quicksilver dragon scales {rare}
 29300 | D:15     | Reached skill level 13 in Dodging
 29324 | D:15     | Reached skill level 16 in Spellcasting
 29393 | D:15     | Found a staircase to the Depths.
 29473 | D:15     | Identified the +4 ring mail of an ice cave {Will+ rCorr}
 29731 | D:15     | Reached skill level 8 in Stealth
 29731 | D:15     | Reached XP level 18. HP: 130/138 MP: 0/0
 29735 | D:15     | Found a broken altar of Ashenzari.
 30235 | D:14     | Noticed Nessos
 30238 | D:14     | Killed Nessos
 30624 | Elf:1    | Entered Level 1 of the Elven Halls
 30665 | Elf:1    | Reached skill level 9 in Invocations
 30729 | Elf:1    | You are cast into the Abyss!
 30729 | Elf:1    | Cast into level 2 of the Abyss (a deep elf sorcerer)
 30832 | Abyss:2  | HP: 48/207 [daeva (13)]
 30834 | Abyss:2  | HP: 14/207 [daeva/divine providence (11)]
 31020 | Abyss:2  | Gained mutation: Your spells are a little easier to cast,
                  | but a little less powerful. [a neqoxec]
 31207 | Abyss:2  | Noticed a quicksilver dragon
 31379 | Elf:1    | You pass through the gate.
 31379 | Elf:1    | Escaped the Abyss
 31383 | Elf:1    | Reached skill level 14 in Dodging
 31419 | Elf:2    | Reached skill level 10 in Invocations
 31532 | Elf:1    | Paralysed by an air elemental for 1 turns
 31888 | Elf:1    | Identified Roxanne's Handbook of Shape Shifting
 31888 | Elf:1    | Noticed Roxanne
 31890 | Elf:1    | magus.rc [v1.9.6]
 32382 | Elf:1    | Reached skill level 11 in Invocations
 32386 | Elf:1    | Reached XP level 19. HP: 143/143 MP: 0/0
 32386 | Elf:1    | Learned a level 7 spell: Spellforged Servitor
 32813 | Elf:1    | HP: 47/214 [Roxanne/iron shot (32)]
 32814 | Elf:1    | HP: 3/214 [Roxanne/crystal spear (44)]
 32815 | Elf:1    | Killed from afar by Roxanne

Vanquished Creatures
  Jorgrun (D:14)
  Rupert (Lair:5)
  A daeva (Abyss:2)
  2 deep elf sorcerers
  A cacodemon (Gauntlet)
  Louise (D:14)
  A caustic shrike skeleton (D:15)
  A deep elf demonologist (Elf:1)
  Nessos (D:14)
  A minotaur (Gauntlet)
  5 dire elephants (Lair:6)
  Snorg (Lair:5)
  A deep elf high priest (Elf:1)
  A quicksilver dragon zombie (Abyss:2)
  4 boulder beetles
  A catoblepas (Lair:6)
  13 hydras
  3 rakshasas
  Harold (D:8)
  Erolcha (D:11)
  An ogre mage (Orc:1)
  5 centaur warriors
  A death knight (D:14)
  3 dancing weapons
  9 two-headed ogres
  An orc high priest (Orc:2)
  3 tengu warriors
  27 death yaks
  4 thrashing horrors (Abyss:2)
  Nergalle (Orc:1)
  4 large abominations (Abyss:2)
  11 deep elf knights
  A spectral death yak (Lair:6)
  A starcursed mass (Abyss:2)
  A spectral anaconda (Lair:6)
  A death drake (shapeshifter) (Elf:1)
  10 skeletal warriors
  10 deep elf archers (Elf:1)
  A flayed ghost (D:15)
  A phantasmal warrior (D:15)
  A wizard (D:14)
  Pikel (D:4)
  A glowing orange brain (D:13)
  6 orc knights
  14 deep elf zephyrmancers
  4 necromancers
  6 orc sorcerers (Orc:2)
  2 obsidian statues
  5 ugly things
  21 deep elf pyromancers
  4 oklob plants (Lair:2)
  A wolf spider (D:15)
  A moth of wrath (Gauntlet)
  2 worldbinders (Abyss:2)
  7 cyclopes
  10 black mambas
  Maurice (D:8)
  13 elephants
  5 manticores
  A rust devil (Gauntlet)
  5 centaur zombies
  Joseph (D:7)
  An eye of devastation (shapeshifter) (D:15)
  15 cane toads
  3 gargoyles
  A dire elephant skeleton (Lair:6)
  Maggie (D:8)
  2 unseen horrors
  An unseen horror (shapeshifter) (D:12)
  4 freezing wraiths
  An efreet (D:14)
  4 rime drakes
  A tengu conjurer (D:9)
  13 komodo dragons
  An ancient zyme (Abyss:2)
  7 trolls
  A troll (shapeshifter) (D:14)
  8 polar bears
  A raiju (Gauntlet)
  A hornet (D:13)
  A wind drake (shapeshifter) (D:13)
  16 blink frogs
  A wind drake (Lair:4)
  20 slime creatures
  A raiju (shapeshifter) (D:15)
  2 shadows
  6 dream sheep (Lair:5)
  A deep troll zombie (D:15)
  An ettin zombie (D:15)
  A spectral elephant (Lair:6)
  2 air elementals
  4 wraiths
  7 wyverns
  A ynoxinul (Gauntlet)
  2 basilisks
  40 yaks
  6 steam dragons
  Eustachio (D:6)
  A neqoxec (Abyss:2)
  2 death yak simulacra (Lair:6)
  10 vampire mosquitoes
  A chaos spawn (Abyss:2)
  Menkaure (D:5)
  2 wargs
  3 nagas (Lair:3)
  3 acid dragons
  22 water moccasins
  3 spectral cane toads (Lair:6)
  A floating eye (shapeshifter) (D:13)
  Duvessa (D:4)
  35 orc warriors
  2 black bears
  2 necrophages (D:6)
  3 elephant zombies (Lair:6)
  14 wolves
  12 ogres
  14 centaurs
  3 elephant skeletons (Lair:6)
  A phantom (D:6)
  A kobold brigand (D:9)
  Blork the orc (D:5)
  6 bullfrogs
  A gnoll sergeant (D:6)
  A scorpion (D:5)
  2 cane toad simulacra (Lair:6)
  Dowan (D:4)
  4 elephant simulacra (Lair:6)
  16 killer bees
  A wight (D:8)
  An electric eel (D:14)
  A howler monkey (D:12)
  2 vampire bats (Lair:6)
  A bullfrog zombie (D:5)
  A jelly (D:4)
  2 quasits (Abyss:2)
  A hound (D:4)
  25 orc priests
  A bullfrog skeleton (D:5)
  2 centaur skeletons
  5 iron imps
  A gnoll shaman (D:5)
  Natasha (thrice) (D:3)
  An iguana (D:6)
  7 hell rats
  35 orc wizards
  4 small abominations (Abyss:2)
  2 centaur simulacra
  A hound zombie (D:5)
  A mummy (D:5)
  Robin (D:3)
  9 gnolls
  7 adders
  4 river rats (Lair:5)
  2 shadow imps
  3 worms
  2 dart slugs
  77 orcs
  4 ball pythons
  6 endoplasms
  3 giant cockroaches
  16 goblins
  7 hobgoblins
  4 jackals (D:4)
  2 quokkas
  13 bats
  4 frilled lizards
  15 kobolds
  12 rats
  A bush (Lair:4)
  A butterfly (D:5)
  A fungus (Lair:6)
  A lurking horror (Abyss:2)
  A withered plant (Lair:6)
892 creatures vanquished.

Vanquished Creatures (collateral kills)
  Erica (D:10)
  A dancing weapon (Elf:1)
  A skeletal warrior (D:15)
  A spark wasp zombie (D:15)
  A necromancer (Lair:6)
  A deep elf pyromancer (Elf:1)
  4 ugly things (D:15)
  An elephant (Lair:6)
  A smoke demon (Abyss:2)
  An efreet (D:15)
  4 fire bats (Orc:2)
  3 small abominations (Abyss:2)
  An elephant skeleton (Lair:6)
  3 earth elementals (Elf:1)
  2 quasits (Abyss:2)
  A lava snake (Orc:2)
  An orc (D:4)
  A foxfire (D:1)
  A starspawn tentacle (Abyss:2)
30 creatures vanquished.

Vanquished Creatures (others)
  An ugly thing (D:15)
  A vampire (D:10)
  A chaos spawn (Abyss:2)
  4 demonic plants (Gauntlet)
  1142 foxfires
  42 fungi
  113 plants
  5 snaplasher vines
  A starspawn tentacle (Abyss:2)
  33 withered plants
1343 creatures vanquished.

Grand Total: 2265 creatures vanquished

Table legend:
 A = Non-vault XP
 B = Vault XP
 C = Vault XP percentage of total XP
 D = Non-vault monster count
 E = Vault monster count
 F = Vault count percentage of total count
                 A         B        C        D         E       F
            +---------+---------+-------+---------+---------+-------
      Total |  183667 |   86755 |  32.1 |     643 |     275 |  30.0
            +---------+---------+-------+---------+---------+-------
        D:1 |      21 |       0 |   0.0 |      13 |       0 |   0.0
        D:2 |      59 |      11 |  15.7 |      15 |       4 |  21.1
        D:3 |     100 |      73 |  42.2 |      15 |      13 |  46.4
        D:4 |     228 |     979 |  81.1 |      14 |      10 |  41.7
        D:5 |     531 |     269 |  33.6 |      16 |       9 |  36.0
        D:6 |     909 |     385 |  29.8 |      14 |       3 |  17.6
        D:7 |    2036 |     420 |  17.1 |      20 |       1 |   4.8
        D:8 |    1814 |    1734 |  48.9 |      24 |       5 |  17.2
        D:9 |    2223 |    2238 |  50.2 |      22 |       4 |  15.4
       D:10 |    3381 |     920 |  21.4 |      23 |       2 |   8.0
       D:11 |    5702 |    2063 |  26.6 |      10 |      20 |  66.7
       D:12 |    7492 |     745 |   9.0 |      33 |       2 |   5.7
       D:13 |    4376 |   14086 |  76.3 |      11 |      22 |  66.7
       D:14 |    9707 |    5672 |  36.9 |      21 |       3 |  12.5
       D:15 |   14170 |    4687 |  24.9 |      31 |       8 |  20.5
     Lair:1 |    3973 |      85 |   2.1 |       8 |       1 |  11.1
     Lair:2 |    2991 |    2923 |  49.4 |      14 |       6 |  30.0
     Lair:3 |   12446 |     706 |   5.4 |      31 |       5 |  13.9
     Lair:4 |   10682 |    1742 |  14.0 |      34 |       3 |   8.1
     Lair:5 |   14339 |    4664 |  24.5 |      35 |      16 |  31.4
     Lair:6 |   19413 |   22426 |  53.6 |      45 |      62 |  57.9
      Orc:1 |    7044 |     999 |  12.4 |      32 |      10 |  23.8
      Orc:2 |    9458 |    4697 |  33.2 |      71 |      38 |  34.9
      Elf:1 |   32485 |    8276 |  20.3 |      51 |      12 |  19.0
      Elf:2 |    1641 |       0 |   0.0 |       3 |       0 |   0.0
    Abyss:2 |   16446 |       0 |   0.0 |      37 |       0 |   0.0
   Gauntlet |       0 |    5955 | 100.0 |       0 |      16 | 100.0
            +---------+---------+-------+---------+---------+-------

Illustrated notes

Table legend:
 A = Kills in this place as a percentage of kills in entire the game.
 B = Kills by you in this place as a percentage of kills by you in the entire game.
 C = Kills by friends in this place as a percentage of kills by friends in the entire game.
 D = Other kills in this place as a percentage of other kills in the entire game.
 E = Experience gained in this place as a percentage of experience gained in the entire game.
 F = Experience gained in this place divided by the number of levels of this place that you have seen.
                   A       B       C       D       E      F
               +-------+-------+-------+-------+-------+----------------------
         Total | 100.0 | 100.0 | 100.0 | 100.0 | 100.0 | 10015.6
       Dungeon |  42.3 |  42.5 |  32.1 |  66.7 |  32.2 | 5802.1
          Lair |  28.3 |  29.0 |  10.7 |   0.0 |  35.6 | 16065.0
  Orcish Mines |  16.4 |  16.5 |  17.9 |   0.0 |   8.2 | 11099.0
   Elven Halls |   7.2 |   6.9 |  17.9 |   0.0 |  15.7 | 21201.0
         Abyss |   4.0 |   3.4 |  21.4 |  33.3 |   6.1 | 16446.0
      Gauntlet |   1.7 |   1.8 |   0.0 |   0.0 |   2.2 | 5955.0
               +-------+-------+-------+-------+-------+----------------------

Table legend: (Time is in decaauts)
 A = Elapsed time spent in this place.
 B = Non-inter-level travel time spent in this place.
 C = Inter-level travel time spent in this place.
 D = Time resting spent in this place.
 E = Time spent auto-exploring this place.
 F = Levels seen in this place.
 G = Mean time per level.
                   A        B        C        D        E       F      G
               +--------+--------+--------+--------+--------+-----+--------+
         Total |  32896 |  31324 |   1572 |   6390 |  19053 |  27 | 1218.4 |
       Dungeon |  22572 |  21454 |   1118 |   5231 |  13178 |  15 | 1504.8 |
          Lair |   5850 |   5532 |    318 |    212 |   4104 |   6 |  975.0 |
  Orcish Mines |   1631 |   1508 |    123 |      6 |    994 |   2 |  815.5 |
   Elven Halls |   1541 |   1530 |     11 |    333 |    736 |   2 |  770.5 |
         Abyss |    649 |    649 |      0 |    288 |     41 |   1 |  649.0 |
      Gauntlet |    651 |    651 |      0 |    320 |      0 |   1 |  651.0 |
               +--------+--------+--------+--------+--------+-----+--------+

Top non-repeatable levels by time:
     D:8: 2764 daAuts
     D:9: 2201 daAuts
    D:11: 1747 daAuts
     D:7: 1704 daAuts
     D:2: 1623 daAuts
     D:5: 1550 daAuts
     D:6: 1538 daAuts
   Elf:1: 1528 daAuts
     D:4: 1467 daAuts
  Lair:6: 1414 daAuts
    D:13: 1369 daAuts
    D:10: 1317 daAuts
     D:1: 1279 daAuts
    D:12: 1141 daAuts
     D:3: 1081 daAuts
